 Dungeon Crawl Stone Soup version 0.22.1-1-ga44c0e5 (webtiles) character file.

784 Lavandula the Cleaver (level 7, 0/57 HPs)
             Began as a Centaur Berserker on Nov 6, 2018.
             Was a Believer of Trog.
             Slain by a worker ant (5 damage)
             ... on level 5 of the Dungeon.
             The game lasted 00:07:11 (1985 turns).

Lavandula the Cleaver (Centaur Berserker)           Turns: 1985, Time: 00:07:12

Health: 0/57       AC:  7    Str: 24    XL:     7   Next: 55%
Magic:  6/6        EV:  9    Int:  6    God:    Trog [**....]
Gold:   54         SH:  0    Dex:  8    Spells: 6/6 levels left

rFire    + . .     SeeInvis .   a - +0 hand axe
rCold    . . .     Gourm    .   (no shield)
rNeg     . . .     Faith    .   n - +3 leather armour {rF+}
rPois    .         Spirit   .   (no helmet)
rElec    .         Reflect  .   (no cloak)
rCorr    .         Harm     .   (no gloves)
MR       +....     Clarity  +   (no barding)
Stlth    ..........             (no amulet)
HPRegen  0.19/turn              (no ring)
MPRegen  0.10/turn              (no ring)

@: lethally poisoned (0 -> -7), berserk cooldown, slowed
A: large, hooves 3, clarity, deformed body, speed 2, low mp 1, magic resistance
1, strong 1, tough skin 3
a: Berserk, Trog's Hand, Renounce Religion


You were on level 5 of the Dungeon.
You worshipped Trog.
Trog was pleased with you.
You were not hungry.

You visited 1 branch of the dungeon, and saw 6 of its levels.

You collected 171 gold pieces.
You spent 117 gold pieces at shops.

Inventory:

Hand Weapons
 a - a +0 hand axe (weapon)
Missiles
 d - 7 javelins (quivered)
Armour
 b - a +0 animal skin
 m - a +0 buckler
 n - a +3 leather armour of fire resistance (worn)
Scrolls
 e - 2 scrolls of remove curse
 g - a scroll of blinking
 i - 2 scrolls of enchant armour
 r - a scroll of teleportation
Potions
 f - a potion of cancellation
 h - a potion of haste
 k - a potion of brilliance {unknown}
 o - a potion of heal wounds {unknown}
 p - a potion of mutation
 s - a potion of curing {unknown}
Comestibles
 c - a ration


   Skills:
 - Level 3.0 Fighting
 + Level 8.3 Axes
 - Level 1.3 Armour
 - Level 1.3 Dodging


You had 6 spell levels left.
You didn't know any spells.
Your spell library was empty.

Dungeon Overview and Level Annotations

Branches:
Dungeon (6/15)
 Temple: D:4-7

Altars:
Ashenzari
Hepliaklqana
Wu Jian

Shops:
D:4 *?


Innate Abilities, Weirdness & Mutations

You have hooves in place of feet.
Armour fits poorly on your strangely shaped body.
You cover ground very quickly.
You have extremely tough skin. (AC +3)
You possess an exceptional clarity of mind.
Your magical capacity is low. (-10% MP)
You are resistant to hostile enchantments. (MR+)
Your muscles are strong. (Str +2)


Message History

The worker ant is almost dead.
You closely miss the hound.
Your skin stops crawling.
You feel less resistant to hostile enchantments.
The hound bites you but does no damage.
The worker ant bites you but does no damage.
The hound bites you but does no damage. The worker ant bites you.
* * * LOW HITPOINT WARNING * * *
You are more poisoned.
The worker ant poisons you!
It was a potion of mutation.
You feel extremely strange.
Your thoughts seem clearer.
You feel less energetic.
You feel resistant to hostile enchantments.
You feel stronger.
* * * LOW HITPOINT WARNING * * *
You feel sick. The hound bites you.
* * * LOW HITPOINT WARNING * * *
The hound bites you but does no damage. The worker ant closely misses you.
The hound bites you but does no damage. The worker ant bites you.
You die...

#. # ### ..
...###.#
#....#.# ##
#.#....##...
..........
#h#.....
#@#..#
#.a>.#
####†..#
#..# ..# ..#
.... ..<.
##..


You could see a hound and a worker ant.

Vanquished Creatures
  Grinder (D:5)
  3 ogres
  A bullfrog (D:6)
  A bullfrog zombie (D:6)
  A howler monkey (D:4)
  A centaur skeleton (D:4)
  A gnoll shaman (D:6)
  An orc priest (D:4)
  A worker ant zombie (D:5)
  An adder (D:5)
  4 gnolls
  An ooze (D:3)
  A worm (D:4)
  A dart slug (D:3)
  3 leopard geckos
  9 orcs
  2 giant cockroaches
  3 hobgoblins
  4 jackals (D:3)
  2 quokkas (D:4)
  4 frilled lizards
  4 goblins
  A kobold (D:2)
  A quokka skeleton (D:4)
  4 rats
56 creatures vanquished.

Notes
Turn   | Place    | Note
-------+----------+-------------------------------------------
     0 | D:1      | Lavandula the Centaur Berserker began the quest for the
                  | Orb.
     0 | D:1      | Reached XP level 1. HP: 19/19 MP: 1/1
    45 | D:1      | Reached skill level 3 in Axes
    86 | D:1      | Reached XP level 2. HP: 26/26 MP: 2/2
   421 | D:3      | Reached ** piety under Trog
   473 | D:3      | Reached XP level 3. HP: 29/31 MP: 3/3
   474 | D:3      | Reached skill level 4 in Axes
   523 | D:3      | Reached XP level 4. HP: 21/38 MP: 4/4
   743 | D:3      | You fall through a shaft for 2 floors!
   743 | D:5      | Entered Level 5 of the Dungeon
   748 | D:5      | Noticed a phantom
   803 | D:4      | Found Fiynukk's Magic Scroll Shoppe.
   807 | D:4      | Bought a scroll of teleportation for 39 gold pieces
   807 | D:4      | Bought a scroll of identify for 26 gold pieces
   807 | D:4      | Bought a scroll of remove curse for 39 gold pieces
   819 | D:4      | Found Tomeh's General Store.
   851 | D:4      | Reached skill level 5 in Axes
   862 | D:4      | Reached XP level 5. HP: 21/45 MP: 5/5
   935 | D:4      | Found a hazy altar of Hepliaklqana.
   952 | D:4      | Bought a scroll of random uselessness for 13 gold pieces
   985 | D:4      | Noticed an ogre
   996 | D:4      | Killed an ogre
  1054 | D:4      | Noticed an ogre
  1204 | D:4      | Found an ornate altar of the Wu Jian Council.
  1300 | D:4      | Found a shattered altar of Ashenzari.
  1310 | D:4      | Reached skill level 6 in Axes
  1339 | D:4      | Reached XP level 6. HP: 40/51 MP: 6/6
  1867 | D:5      | Noticed Grinder
  1875 | D:5      | Killed Grinder
  1875 | D:5      | Reached skill level 7 in Axes
  1875 | D:5      | Reached XP level 7. HP: 57/57 MP: 7/7
  1947 | D:6      | Reached skill level 8 in Axes
  1985 | D:5      | Gained mutation: You possess an exceptional clarity of
                  | mind. [potion of mutation]
  1985 | D:5      | Gained mutation: Your magical capacity is low. (-10% MP)
                  | [potion of mutation]
  1985 | D:5      | Gained mutation: You are resistant to hostile enchantments.
                  | (MR+) [potion of mutation]
  1985 | D:5      | Gained mutation: Your muscles are strong. (Str +2) [potion
                  | of mutation]
  1985 | D:5      | Slain by a worker ant

Skill      XL: |  1  2  3  4  5  6  7 |
---------------+----------------------+-----
Axes           | 3 4 5 6 7 8 |  8.3
Fighting       | |  3.0
Armour         | |  1.3
Dodging        | |  1.3

Action                   |  1- 3 |  4- 6 |  7- 9 || total
-------------------------+-------+-------+-------++-------
Melee: Hand axe          |    64 |    64 |    27 ||   155
       Kick              |    15 |     8 |     9 ||    32
Invok: Berserk           |     1 |     4 |     1 ||     6
       Trog's Hand       |       |     1 |     1 ||     2
  Use: Scroll            |       |     2 |     6 ||     8
       Potion            |       |       |     1 ||     1
  Eat: Ration            |       |     1 |     1 ||     2
       Chunk             |       |     1 |       ||     1
Armor: Animal skin       |    12 |       |       ||    12
       Leather armour    |     7 |    19 |    24 ||    50
Dodge: Dodged            |    34 |    21 |    18 ||    73
